Map: New Gettysburg LE

Players

DIMAGA - Winner!

  • Race: Zerg Zerg
  • League: Grandmaster

SortOf

  • Race: Zerg Zerg
  • League: Grandmaster

VOD

Have the link to the VOD?

Description

Time

  • Played on: Oct. 30, 2016, 10:02 a.m.
  • Length: 5:16
Show
View Real Time Build Order
Export as new Build Order

DIMAGA Zerg - Winner!

Build Orders: Hatch First 

Get SALT Encoding   

  12  0:00  Drone  
  13  0:12  Overlord  
  13  0:17  Drone  
  14  0:31  Drone x2  
  17  0:35  Drone  
  17  0:52  Unknown, Hatchery  
  17  0:55  Drone  
  17  0:59  Drone  
  18  1:09  Extractor  
  17  1:13  Spawning Pool  
  17  1:16  Drone  
  17  1:20  Drone  
  18  1:29  Drone  
  19  1:38  Overlord  
  19  1:50  Drone  
  20  2:00  Queen  
  20  2:01  Zergling x2  
  23  2:04  Queen, Unknown  
  23  2:05  Drone  
  26  2:08  Metabolic Boost  
  26  2:11  Drone  
  26  2:15  Drone  
  28  2:23  Drone  
  28  2:26  Drone  
  30  2:32  Zergling x2  
  31  2:48  Unknown, Hatchery  
  31  2:49  Overlord  
  30  2:57  Overlord  
  30  3:01  Roach Warren  
  29  3:05  Overlord  
  29  3:09  Drone x2  
  31  3:31  Overlord  
  31  3:41  Roach  
  33  3:44  Roach x6  
  45  3:50  Roach x3  
  45  3:53  Roach  
  53  3:59  Zergling x4  
  53  4:00  Unknown  
  55  4:05  Overlord  
  55  4:06  Zergling x2  
  55  4:08  Zergling x2  
  57  4:18  Zergling x8  
  57  4:22  Zergling x2  
  57  4:23  Zergling x2  
  62  4:29  Zergling x6  
  66  4:38  Zergling x2  
  66  4:41  Zergling x2  
  67  4:46  Zergling x4  
Show
View Real Time Build Order
Export as new Build Order

SortOf Zerg 

Build Orders: Hatch First 

Get SALT Encoding   

  12  0:01  Drone  
  13  0:13  Overlord  
  13  0:18  Drone  
  14  0:31  Drone  
  14  0:32  Drone  
  16  0:39  Drone  
  17  0:53  Unknown, Hatchery  
  17  0:56  Drone  
  17  0:59  Drone  
  18  1:14  Extractor, Spawning Pool  
  18  1:17  Drone  
  17  1:21  Drone  
  18  1:30  Drone  
  19  1:41  Overlord  
  19  1:51  Drone  
  20  2:01  Queen  
  20  2:02  Zergling x2  
  20  2:04  Queen, Unknown, Drone  
  26  2:13  Drone  
  27  2:16  Metabolic Boost, Drone  
  28  2:23  Drone  
  28  2:26  Drone  
  30  2:34  Zergling x2  
  31  2:38  Drone  
  32  2:45  Unknown, Hatchery  
  32  2:48  Drone x2  
  33  2:53  Baneling Nest  
  32  2:59  Overlord  
  32  3:04  Drone  
  32  3:05  Zergling x2  
  34  3:09  Zergling x2  
  34  3:17  Queen  
  34  3:18  Drone x2  
  34  3:19  Drone  
  39  3:22  Zergling x2  
  39  3:25  Zergling x2  
  41  3:33  Overlord  
  41  3:35  Zergling x2  
  41  3:36  Drone x2  
  41  3:37  Baneling x2  
  44  3:52  Drone x3  
  44  3:53  Drone  
  44  3:55  Roach Warren  
  47  3:56  Unknown  
  47  3:58  Drone x2  
  49  4:03  Evolution Chamber  
  49  4:08  Spine Crawler  
  46  4:14  Baneling x2  
  46  4:18  Drone x2  
  46  4:20  Drone x2  
  46  4:21  Overlord  
  50  4:36  Roach x2  
  50  4:37  Roach x2  
  50  4:38  Overlord  
  58  4:39  Extractor  
  58  4:41  Roach x4  
  58  4:44  Overlord  
  65  4:47  Overlord  
  63  4:55  Roach  
  63  4:57  Zergling x6  
Tags
 
Add a new tag
Caveats
  • Supply blocks, unpowered buildings, or Contaminate may cause inaccurate times.
  • Supply counts are checked every 10 seconds.